[Event "Team 45 45 League T83"]
[Site "Internet Chess Club"]
[Date "2020.02.09"]
[Round "6"]
[White "sdcohle"]
[Black "Toalla"]
[Result "1/2-1/2"]
[WhiteElo "1333"]
[BlackElo "1233"]
[Opening "Canard opening"]
[ECO "A45"]
[Time "14:01:10"]
[TimeControl "2700+45"]

1. d4 Nf6 2. f4 b6 3. e3 Bb7 4. Nf3 e6 5. Nbd2 c5 6. c3 cxd4 7. exd4 Bxf3 8.
Qxf3 Nc6 9. Bd3 d5 10. O-O Bd6 11. Bb5 Rc8 12. f5 O-O 13. Re1 Qd7 14. fxe6 fxe6
15. Qh3 Rfe8 16. Nf3 h6 17. Ne5 Bxe5 18. dxe5 Ne4 19. Qg4 g5 20. Re3 Qg7 21. Rh3
Nxe5 22. Qh5 Rf8 23. Qxh6 Qxh6 24. Rxh6 Rf6 25. Rxf6 Nxf6 26. Bxg5 Kg7 27. Re1
Ne4 28. Be3 Nc4 29. Bxc4 Rxc4 30. Bd4+ Kg6 31. g3 Kf5 32. Kg2 e5 33. Be3 d4 34.
Rf1+ Ke6 35. cxd4 Rc2+ 36. Kg1 exd4 37. Bxd4 Kd5 38. Rd1 Ke6 39. Re1 Kd5 40. Bg7
b5 41. a3 a5 42. Rd1+ Ke6 43. Re1 Kd5 44. Rf1 Ke6 45. Bh8 a4 46. Re1 Kd5 47. Bg7
Rd2 48. Rf1 Ke6 49. Bh8 Rc2 {Game drawn by mutual agreement} 1/2-1/2

[Event "Team 45 45 League T83"]
[Site "Internet Chess Club"]
[Date "2020.02.11"]
[Round "6"]
[White "cayo89"]
[Black "DaveTheRook"]
[Result "1-0"]
[WhiteElo "1635"]
[BlackElo "1557"]
[Opening "Owen defense"]
[ECO "B00"]
[Time "19:00:44"]
[TimeControl "2700+45"]

1. e4 b6 2. d4 e6 3. Nf3 Bb7 4. Bd3 Bb4+ 5. Nc3 Nf6 6. Qe2 d5 7. Bg5 Be7 8. e5
Nfd7 9. Bxe7 Qxe7 10. O-O Nc6 11. Ba6 Bxa6 12. Qxa6 Nb4 13. Qb7 O-O 14. a3 Rfb8
15. Qxc7 Rc8 16. Qd6 Qxd6 17. exd6 Nc6 18. Nb5 Nd8 19. Nc7 Rab8 20. Rac1 Nb7 21.
Ne5 Nxd6 22. Nxd7 Rb7 23. Nxe6 Rxd7 24. Nf4 Ne4 25. Nd3 Rdc7 26. c3 Re8 27. f3
Nf6 28. Rfe1 Rce7 29. Rxe7 Rxe7 30. Ne5 a5 31. Kf2 Kf8 32. b3 Ke8 33. Rc2 Nd7
34. Nxd7 Rxd7 35. Re2+ Kd8 36. Ke1 Rc7 37. Kd2 b5 38. Kd3 Kd7 39. Re5 Kd6 40.
Re8 f6 41. Ra8 b4 42. cxb4 axb4 43. axb4 Rb7 44. Ra6+ Kd7 45. Ra5 Kc6 46. Rc5+
Kd6 47. b5 Rc7 48. b4 Rb7 49. Kc3 Rc7 50. Kb3 Rb7 51. Rc6+ Kd7 52. Ka4 Ra7+ 53.
Ra6 Rc7 54. b6 Rc4 55. Kb5 Rxd4 56. Ra7+ Kc8 57. b7+ Kb8 58. Ka6 Rxb4 59. Ra8+
Kc7 60. Rc8+ {Black resigns} 1-0

[Event "Team 45 45 League T83"]
[Site "Internet Chess Club"]
[Date "2020.02.07"]
[Round "6"]
[White "pokerram"]
[Black "Portola"]
[Result "1/2-1/2"]
[WhiteElo "1509"]
[BlackElo "1696"]
[Opening "French: Rubinstein variation"]
[ECO "C10"]
[Time "08:30:15"]
[TimeControl "2700+45"]

1. e4 e6 2. d4 d5 3. Nc3 dxe4 4. Nxe4 Be7 5. Nf3 Nd7 6. Bd3 Ngf6 7. O-O O-O 8.
Re1 c5 9. c3 b6 10. Qe2 Bb7 11. Bg5 Nxe4 12. Bxe7 Qxe7 13. Bxe4 Nf6 14. Bxb7
Qxb7 15. dxc5 bxc5 16. Rad1 Qc7 17. Ne5 Rad8 18. Nf3 Rd5 19. c4 Rdd8 20. Qe5 Qb6
21. b3 Qa5 22. Qe2 Qb6 23. h3 h6 24. Ne5 Qc7 25. Nf3 Qb6 26. Qe5 Qa5 27. Qe2 Qb6
28. Qe5 a5 29. Qe2 Qb4 30. Qc2 Ra8 31. Qd2 Qa3 32. Qc2 a4 33. bxa4 Qxa4 34. Rd2
Qxc2 35. Rxc2 Ra4 36. Ne5 Rfa8 37. Ree2 Kf8 38. Nd3 Nd7 39. Ne5 Nxe5 40. Rxe5
R8a5 41. Ree2 Ke7 42. Red2 Rb4 43. Rc3 Raa4 44. Rdc2 Rb1+ 45. Kh2 Ra1 46. Rb2
Rb4 47. Rcc2 Rxb2 48. Rxb2 Rc1 49. a4 Rxc4 50. Rb7+ Kf6 51. a5 Ra4 52. Ra7 c4
53. a6 c3 54. Rc7 Rxa6 55. Rxc3 Ra5 56. g3 Rf5 57. Kg2 h5 58. h4 g5 59. hxg5+
Kxg5 60. Rc8 e5 61. f3 f6 62. Rg8+ Kh6 63. Rh8+ Kg7 64. Ra8 Rg5 65. Ra7+ Kg6 66.
Kf2 Kf5 67. Ra5 Kg6 68. Ra6 Rf5 69. Kg2 h4 70. gxh4 Rh5 71. Kg3 Rf5 {Game drawn
by mutual agreement} 1/2-1/2

[Event "Team 45 45 League T83"]
[Site "Internet Chess Club"]
[Date "2020.02.07"]
[Round "6"]
[White "nosir"]
[Black "mongmong"]
[Result "0-1"]
[WhiteElo "1395"]
[BlackElo "1457"]
[Opening "Queen's pawn: Yusupov-Rubinstein system"]
[ECO "A40"]
[Time "20:00:39"]
[TimeControl "2700+45"]

1. d4 e6 2. Nf3 Nf6 3. e3 c5 4. Bd3 b6 5. b3 Bb7 6. Bb2 Be7 7. O-O Nc6 8. a3 d5
9. Nbd2 O-O 10. Ne5 Bd6 11. f4 Ne7 12. Rf3 Ne4 13. Rh3 f5 14. c4 Bxe5 15. fxe5
Qe8 16. Nf3 Ng6 17. Bxe4 fxe4 18. Ng5 h6 19. Qh5 Rf5 20. Rg3 Rxg5 21. Rxg5 hxg5
22. Qxg5 Rc8 23. Rf1 cxd4 24. exd4 Ba6 25. h4 dxc4 26. bxc4 Bxc4 27. Rf2 Rc7 28.
h5 Nh8 29. h6 Rf7 30. hxg7 Rxg7 31. Qf6 Qe7 32. Qf4 Nf7 33. Qxe4 Bd5 34. Qe3 Ng5
35. Bc1 Ne4 36. Re2 Qg5 37. Qxg5 Nxg5 38. Rc2 Nf3+ 39. Kf1 Nxd4 40. Rc8+ Kh7 41.
Rc2 Nxc2 {White resigns} 0-1

[Event "Team 45 45 League T83"]
[Site "Internet Chess Club"]
[Date "2020.02.06"]
[Round "6"]
[White "Rybo88"]
[Black "Kingofknights"]
[Result "1-0"]
[WhiteElo "1529"]
[BlackElo "1590"]
[Opening "Caro-Kann: advance variation"]
[ECO "B12"]
[Time "21:01:29"]
[TimeControl "2700+45"]

1. e4 c6 2. d4 d5 3. e5 c5 4. c3 cxd4 5. cxd4 e6 6. a3 Nc6 7. Nf3 Bd7 8. Bd3 Qc7
9. Be3 Nge7 10. Nc3 a6 11. O-O Na5 12. Rc1 Nc4 13. b3 Nb2 14. Qd2 Nxd3 15. Nxd5
Qd8 16. Nc7+ {Black resigns} 1-0

[Event "Team 45 45 League T83"]
[Site "Internet Chess Club"]
[Date "2020.02.08"]
[Round "6"]
[White "rkjulianjr"]
[Black "OGO"]
[Result "1-0"]
[WhiteElo "1322"]
[BlackElo "1242"]
[Opening "King's Indian: Sämisch, 5...O-O"]
[ECO "E81"]
[Time "12:00:21"]
[TimeControl "2700+45"]

1. d4 Nf6 2. c4 g6 3. f3 Bg7 4. e4 d6 5. Nc3 O-O 6. Be3 c6 7. Nge2 Nbd7 8. Qd2
Nb6 9. Ng3 Rb8 10. Rc1 d5 11. cxd5 cxd5 12. Bf4 Ra8 13. Nb5 Bd7 14. Nc7 Rc8 15.
Bd3 Ne8 16. Nxe8 {Black forfeits on time} 1-0

[Event "Team 45 45 League T83"]
[Site "Internet Chess Club"]
[Date "2020.02.07"]
[Round "6"]
[White "kingsrook"]
[Black "Visin"]
[Result "1/2-1/2"]
[WhiteElo "1233"]
[BlackElo "1304"]
[Opening "QGD: exchange, positional line, 5...c6"]
[ECO "D35"]
[Time "14:01:04"]
[TimeControl "2700+45"]

1. d4 d5 2. c4 e6 3. Nc3 Nf6 4. cxd5 exd5 5. Bg5 c6 6. e3 Be7 7. Qc2 Bg4 8. Nf3
Nbd7 9. Be2 O-O 10. O-O h6 11. h3 Bh5 12. Bh4 Bg6 13. Bd3 Bxd3 14. Qxd3 Nh7 15.
Bg3 Ng5 16. Nxg5 Bxg5 17. Rae1 Be7 18. e4 Bb4 19. a3 Bxc3 20. bxc3 dxe4 21. Rxe4
Re8 22. Rfe1 Rxe4 23. Rxe4 Nf6 24. Re5 Qd7 25. Qe3 Re8 26. Rxe8+ Qxe8 27. Qxe8+
Nxe8 28. Kf1 Nf6 29. f3 Nd5 30. Be1 b5 31. Bd2 f5 32. g3 h5 33. h4 g6 34. Ke2
Kf7 35. Kd3 Nb6 36. Kc2 Ke6 37. Bf4 Nc4 38. Kb3 Kd5 39. Bg5 a5 40. Bf4 a4+ 41.
Kb4 Nb2 42. Bd2 Nd3+ 43. Ka5 Nf2 44. Kb4 Nd3+ 45. Ka5 Nb2 46. Kb4 Nd3+ 47. Ka5
{Game drawn by repetition} 1/2-1/2

[Event "Team 45 45 League T83"]
[Site "Internet Chess Club"]
[Date "2020.02.07"]
[Round "6"]
[White "Just-Jim"]
[Black "NineteenHockey"]
[Result "1-0"]
[WhiteElo "1374"]
[BlackElo "1075"]
[Opening "Queen's pawn game, Darooha variation "]
[ECO "D02"]
[Time "10:00:36"]
[TimeControl "2700+45"]

1. Nf3 d5 2. d4 Nf6 3. h3 Nc6 4. Nc3 e6 5. a3 Be7 6. Bf4 O-O 7. Nb5 Bd6 8. Bxd6
cxd6 9. e3 a6 10. Nc3 Re8 11. Bd3 e5 12. dxe5 Nxe5 13. O-O Nxd3 14. Qxd3 Be6 15.
Nd2 Rc8 16. e4 dxe4 17. Ncxe4 Nxe4 18. Qxe4 b5 19. Qf4 d5 20. Rad1 d4 21. Nf3
Qc7 22. Qxc7 Rxc7 23. Nxd4 Bc4 24. Rfe1 Rcc8 25. Nf5 Rxe1+ 26. Rxe1 Rd8 27. Ne7+
Kf8 28. Nc6 Re8 29. Rxe8+ Kxe8 30. Nb4 a5 31. Nc6 a4 32. Ne5 f6 33. Nxc4 bxc4
34. Kf1 Ke7 35. Ke2 Ke6 36. Kd2 Kd5 37. b3 cxb3 38. cxb3 axb3 39. Kc3 Kc5 40.
Kxb3 Kb5 41. a4+ Ka5 42. Ka3 g5 43. g4 h6 44. f3 Ka6 45. Kb4 Ka7 46. Kb5 Kb7 47.
a5 Ka7 48. a6 Ka8 49. Kb6 Kb8 50. a7+ Ka8 51. Kc6 {Black resigns} 1-0

[Event "Team 45 45 League T83"]
[Site "Internet Chess Club"]
[Date "2020.02.08"]
[Round "6"]
[White "dabodhi"]
[Black "sdcohle"]
[Result "1/2-1/2"]
[WhiteElo "1344"]
[BlackElo "1338"]
[Opening "French: King's Indian attack"]
[ECO "C00"]
[Time "15:08:02"]
[TimeControl "2700+45"]

1. e4 e6 2. d3 d5 3. Nd2 dxe4 4. Nxe4 Nd7 5. Nf3 Ngf6 6. Bg5 Be7 7. g3 O-O 8.
Nc3 b6 9. Bg2 Bb7 10. O-O c5 11. Bf4 Nd5 12. Bd2 Bf6 13. Rb1 Nxc3 14. Bxc3 Bxc3
15. bxc3 Nf6 16. Re1 Nd5 17. Qd2 Qf6 18. Ne5 Qe7 19. a4 Qc7 20. Ng4 Ne7 21. Ne3
Bxg2 22. Nxg2 Qc6 23. Ra1 Nd5 24. Ne3 Rfd8 25. Nc4 f6 26. Ne3 e5 27. Nf5 Rd7 28.
Qe2 Nxc3 29. Qg4 Kh8 30. Ra3 Nd5 31. Qh3 Qe6 32. Kg2 g6 33. Ne3 Qxh3+ 34. Kxh3
Kg7 35. Nxd5 Rxd5 36. c4 Rd4 37. Re3 Rad8 38. a5 g5 39. axb6 axb6 40. Ra7+ R8d7
41. Rxd7+ Rxd7 42. f3 h5 43. g4 Kg6 44. Kg2 hxg4 45. fxg4 Rd4 46. h3 f5 47. Rxe5
fxg4 48. hxg4 Rxd3 49. Re6+ Kf7 50. Rxb6 Rc3 51. Rc6 Rxc4 52. Kf3 Rc3+ 53. Ke4
Rc1 54. Kf5 c4 55. Kxg5 c3 56. Rf6+ Ke7 57. Rc6 c2 58. Rc5 Kd6 59. Rc8 Kd7 60.
Rc4 Kd6 61. Rc8 Kd5 62. Kg6 Ke6 63. g5 Kd7 64. Rc5 {Game drawn by mutual
agreement} 1/2-1/2

[Event "Team 45 45 League T83"]
[Site "Internet Chess Club"]
[Date "2020.02.09"]
[Round "6"]
[White "PsyMar"]
[Black "CMAlge"]
[Result "1-0"]
[WhiteElo "1180"]
[BlackElo "1249"]
[Opening "Scotch: Mieses variation"]
[ECO "C45"]
[Time "10:01:16"]
[TimeControl "2700+45"]

1. e4 e5 2. Nf3 Nc6 3. d4 exd4 4. Nxd4 Nf6 5. Nxc6 bxc6 6. e5 Qe7 7. f4 Nd5 8.
Bc4 Qb4+ 9. Nd2 Nxf4 10. O-O Bc5+ 11. Kh1 Ne6 12. c3 Qb6 13. Ne4 O-O 14. Qg4 Be3
15. Nf6+ Kh8 16. Qh3 gxf6 17. Bxe3 Ng5 18. Bxg5 fxg5 19. Qh6 Qc5 20. Qf6+ Kg8
21. Bxf7+ Rxf7 22. Qxf7+ Kh8 23. Qf6+ Kg8 24. Qxg5+ Kh8 25. Qf6+ Kg8 26. Qf7+
Kh8 27. Qe8+ Kg7 28. Rf7+ Kg6 29. Qg8+ {Black resigns} 1-0

[Event "Team 45 45 League T83"]
[Site "Internet Chess Club"]
[Date "2020.02.08"]
[Round "6"]
[White "seldredg"]
[Black "gregorgg"]
[Result "0-1"]
[WhiteElo "1248"]
[BlackElo "1231"]
[Opening "Queen's pawn game"]
[ECO "D05"]
[Time "15:32:49"]
[TimeControl "2700+45"]

1. d4 d5 2. Nf3 Nf6 3. e3 e6 4. Bd3 Nbd7 5. b3 c5 6. Nbd2 b6 7. Bb2 Bb7 8. O-O
Bd6 9. Ne5 O-O 10. f4 Rc8 11. Rc1 cxd4 12. exd4 Qe7 13. Rf3 Ba3 14. Nxd7 Bxb2
15. Nxf6+ Qxf6 16. Rb1 Bxd4+ 17. Kh1 Bc5 18. c3 g6 19. c4 dxc4 20. Be4 Bxe4 21.
Nxe4 Qd4 22. Nxc5 Qxd1+ 23. Rxd1 Rxc5 24. bxc4 Rxc4 25. h3 Rc2 26. a3 Rfc8 27.
Rd6 R2c3 28. Rxc3 Rxc3 29. a4 Rc5 30. Rd8+ Kg7 31. Rb8 Rc4 32. Rd8 Rxf4 33. a5
bxa5 34. Ra8 a4 35. Rxa7 e5 36. Kh2 Rd4 37. Kg3 Kf6 38. Kf3 Rf4+ 39. Ke3 Kg5 40.
g3 Rd4 41. Ra5 Kf5 42. g4+ Ke6 43. Ra6+ Ke7 44. Ra7+ Kf6 45. Ra5 h5 46. Kf3
hxg4+ 47. hxg4 Ke6 48. Ra6+ Kd5 49. Ra5+ Kc6 50. Rxe5 Rd5 51. Re3 Ra5 52. Ra3
Kc5 53. Ke3 Kb4 54. Ra1 Kc3 55. Rc1+ Kb2 56. Kd2 Rd5+ 57. Ke3 Kxc1 {White
resigns} 0-1